cohdb
Replays
Latest Replays
All Replays
Popular Replays
Top Player Replays
Match Explorer
How It Works
Community
CoH3 Stats
Reddit
Sign in to upload your games and track your stats! →
Sign in with Steam
Match 46372878
Unlisted
Match 46372878
Overview
Messages
Build Orders
End
Construct Section Command Post
Royal Engineer Section
Dingo Light Scout Car
Infantry Section
Construct Platoon Command Post
Unlock Bishop Self-propelled Artillery
Selects Air and Sea Battlegroup
Selects Supply Surplus
Bishop Self-propelled Artillery
Vickers Machine Gun Team
Vickers Machine Gun Team
Selects Commando Section Paradrop
Selects Commando Support Section Paradrop
Commando Support Section Paradrop
Bishop Self-propelled Artillery
Light Vehicle Training
Qhunter
UMirinBrah?
Ghost
Pin0kyo
꿀뜨개Honeydipper
FartNoise
0
0
Comments
sign in to comment!
No comments posted yet!